 Dungeon Crawl Stone Soup version 0.17.0-28-g6e173f8 (webtiles) character file.

3 Aarh the Sneak (level 1, -1/13 HPs)
             Began as a Vampire Fire Elementalist on Nov 22, 2015.
             Slain by a goblin
             ... wielding a +0 club
              (5 damage)
             ... on level 1 of the Dungeon.
             The game lasted 00:02:37 (86 turns).

Aarh the Sneak (Vampire Fire Elementalist)            Turns: 86, Time: 00:02:38

Health: -1/13      AC:  2    Str:  7    XL:     1   Next: 41%
Magic:  0/3        EV: 12    Int: 17    God:
Gold:   0          SH:  0    Dex: 14    Spells: 1 memorised, 3 levels left

rFire  . . .     SeeInvis +     e - -3 mace (curse)
rCold  . . .     Clarity  .     a - +0 robe
rNeg   + . .     SustAt   .     (no shield)
rPois  .         Gourm    .     (no helmet)
rElec  .         Spirit   .     (no cloak)
rCorr  .         Warding  .     (no gloves)
rMut   .         Stasis   .     (no boots)
MR     .....                    (no amulet)
Stlth  ++........               (no ring)
                                (no ring)

@: not resistant to hostile enchantments, unstealthy
A: fangs 3, see invisible, unbreathing
a: no special abilities


You were on level 1 of the Dungeon.
You were not thirsty.

You visited 1 branch of the dungeon, and saw 1 of its levels.

Inventory:

Hand Weapons
 e - a cursed -3 mace (weapon)
   (You found it on level 1 of the Dungeon)
Armour
 a - a +0 robe (worn)
Jewellery
 d - an uncursed ring of flight {unknown}
   (You found it on level 1 of the Dungeon)
Scrolls
 f - a scroll of fear {unknown}
Potions
 c - 2 potions of blood
Books
 b - a book of Flames


   Skills:
 + Level 2.1 Dodging
 * Level 3.0 Stealth
 + Level 2.0 Spellcasting
 + Level 0.7 Conjurations
 + Level 2.5 Fire Magic


You had 3 spell levels left.
You knew the following spells:

 Your Spells              Type           Power        Failure   Level  Hunger
a - Flame Tongue          Conj/Fire      #....        12%         1    #......


Dungeon Overview and Level Annotations

Branches:
Dungeon (1/15)

Altars:


Innate Abilities, Weirdness & Mutations

You have razor-sharp teeth.
You have supernaturally acute eyesight.
You can survive without breathing.


Message History

Aiming: Flame Tongue
Press: ? - help, Shift-Dir - straight line, f - kobold
Aim: a kobold The flame tongue hits the kobold.
You kill the kobold!
A goblin comes into view. It is wielding a club.
The goblin shouts!
The goblin hits you with a club.
Casting: Flame Tongue
Confirm with . or Enter, or press ? or * to list all spells.
Aiming: Flame Tongue
Press: ? - help, Shift-Dir - straight line, f - goblin
Aim: a goblin, wielding a club The flame tongue misses the goblin.
The goblin hits you with a club.
Casting: Flame Tongue
Confirm with . or Enter, or press ? or * to list all spells.
Aiming: Flame Tongue
Press: ? - help, Shift-Dir - straight line, f/p - goblin
Aim: a goblin, wielding a club The flame tongue hits the goblin.
The goblin is almost dead.
Really attack barehanded? [Y]es or [N]o only, please.
Really attack barehanded? [Y]es or [N]o only, please.
Really attack barehanded? [Y]es or [N]o only, please.
Really attack barehanded?
Okay, then.
Casting: Flame Tongue
Confirm with . or Enter, or press ? or * to list all spells.
You don't know that spell.
Unknown command.
Casting: Flame Tongue
Confirm with . or Enter, or press ? or * to list all spells.
Aiming: Flame Tongue
Press: ? - help, Shift-Dir - straight line, f/p - goblin
Aim: a goblin, wielding a club (almost dead)
The flame tongue misses the goblin.
The goblin barely misses you.
Casting: Flame Tongue
Confirm with . or Enter, or press ? or * to list all spells.
You don't have enough magic to cast that spell.
Wield which item (- for none, * to show all)? (? for menu, Esc to quit)
It sticks to your hand!
e - a cursed -3 mace (weapon)
The goblin hits you with a club.
You barely miss the goblin.
The goblin is almost dead.
The goblin hits you with a club.
You die...

#..#######>
#..........
#.#########
#.......#
#######.# . #.#
... #.#
.....##########
#.#
......g@......#
#.#
.....########.#
#.# ... #.# #.#
. #.######.#
#........#
##########


You could see a goblin.

Vanquished Creatures
  Monster Symbol All 'K'
  A kobold (D:1)
1 creature vanquished. All 'b' A bat (D:1)
1 creature vanquished. All 'r' A rat (D:1)
1 creature vanquished.
3 creatures vanquished. Monster Nature Natural Monsters A bat (D:1) A kobold (D:1) A rat (D:1)
3 creatures vanquished.
3 creatures vanquished. Ascending Order A bat (D:1) A kobold (D:1) A rat (D:1)
3 creatures vanquished.

Notes
Turn   | Place    | Note
--------------------------------------------------------------
     0 | D:1      | Aarh the Vampire Fire Elementalist began the quest for the Orb.
     0 | D:1      | Reached XP level 1. HP: 13/13 MP: 3/3
    86 | D:1      | Slain by a goblin

Action                   || total
-------------------------++-------
Melee: Mace              ||     1
 Cast: Flame Tongue      ||     6
Dungeon Crawl Stone Soup version 0.17.0-28-g6e173f8 (webtiles) character file. 3 Aarh the Sneak (level 1, -1/13 HPs) Began as a Vampire Fire Elementalist on Nov 22, 2015. Slain by a goblin ... wielding a +0 club (5 damage) ... on level 1 of the Dungeon. The game lasted 00:02:37 (86 turns). Aarh the Sneak (Vampire Fire Elementalist) Turns: 86, Time: 00:02:38 Health: -1/13 AC: 2 Str: 7 XL: 1 Next: 41% Magic: 0/3 EV: 12 Int: 17 God: Gold: 0 SH: 0 Dex: 14 Spells: 1 memorised, 3 levels left rFire . . . SeeInvis + e - -3 mace (curse) rCold . . . Clarity . a - +0 robe rNeg + . . SustAt . (no shield) rPois . Gourm . (no helmet) rElec . Spirit . (no cloak) rCorr . Warding . (no gloves) rMut . Stasis . (no boots) MR ..... (no amulet) Stlth ++........ (no ring) (no ring) @: not resistant to hostile enchantments, unstealthy A: fangs 3, see invisible, unbreathing a: no special abilities Innate Abilities, Weirdness & Mutations You have razor-sharp teeth. You have supernaturally acute eyesight. You can survive without breathing. Skills: + Level 2.1 Dodging * Level 3.0 Stealth + Level 2.0 Spellcasting + Level 0.7 Conjurations + Level 2.5 Fire Magic You had 3 spell levels left. You knew the following spells: Your Spells Type Power Failure Level Hunger a - Flame Tongue Conj/Fire #.... 12% 1 #...... You were on level 1 of the Dungeon. You were not thirsty. You visited 1 branch of the dungeon, and saw 1 of its levels. You could see a goblin. Message History Aiming: Flame Tongue Press: ? - help, Shift-Dir - straight line, f - kobold Aim: a kobold The flame tongue hits the kobold. You kill the kobold! A goblin comes into view. It is wielding a club. The goblin shouts! The goblin hits you with a club. Casting: Flame Tongue Confirm with . or Enter, or press ? or * to list all spells. Aiming: Flame Tongue Press: ? - help, Shift-Dir - straight line, f - goblin Aim: a goblin, wielding a club The flame tongue misses the goblin. The goblin hits you with a club. Casting: Flame Tongue Confirm with . or Enter, or press ? or * to list all spells. Aiming: Flame Tongue Press: ? - help, Shift-Dir - straight line, f/p - goblin Aim: a goblin, wielding a club The flame tongue hits the goblin. The goblin is almost dead. Really attack barehanded? [Y]es or [N]o only, please. Really attack barehanded? [Y]es or [N]o only, please. Really attack barehanded? [Y]es or [N]o only, please. Really attack barehanded? Okay, then. Casting: Flame Tongue Confirm with . or Enter, or press ? or * to list all spells. You don't know that spell. Unknown command. Casting: Flame Tongue Confirm with . or Enter, or press ? or * to list all spells. Aiming: Flame Tongue Press: ? - help, Shift-Dir - straight line, f/p - goblin Aim: a goblin, wielding a club (almost dead) The flame tongue misses the goblin. The goblin barely misses you. Casting: Flame Tongue Confirm with . or Enter, or press ? or * to list all spells. You don't have enough magic to cast that spell. Wield which item (- for none, * to show all)? (? for menu, Esc to quit) It sticks to your hand! e - a cursed -3 mace (weapon) The goblin hits you with a club. You barely miss the goblin. The goblin is almost dead. The goblin hits you with a club. You die...

Action                   || total
-------------------------++-------
Melee: Mace              ||     1
 Cast: Flame Tongue      ||     6
Notes Turn | Place | Note -------------------------------------------------------------- 0 | D:1 | Aarh the Vampire Fire Elementalist began the quest for the Orb. 0 | D:1 | Reached XP level 1. HP: 13/13 MP: 3/3 86 | D:1 | Slain by a goblin

Table legend:
 A = Turns spent in this place as a percentage of turns spent in the entire game.
 B = Non-inter-level travel turns spent in this place as a percentage of non-inter-level travel turns spent in the entire game.
 C = Inter-level travel turns spent in this place as a percentage of turns spent in this place.
 D = Turns resting spent in this place as a percentage of non-inter-level travel turns spent in this place.
 E = Turns spent auto-exploring this place as a percentage of non-inter-level travel turns spent in this place.
 F = Non-inter-level travel turns spent in this place divided by the number of levels of this place that you've seen.
                   A       B       C       D       E      F
               +-------+-------+-------+-------+-------+----------------------
         Total | 100.0 | 100.0 |   0.0 |   0.0 |   7.8 |  64.0
       Dungeon | 100.0 | 100.0 |   0.0 |   0.0 |   7.8 |  64.0
               +-------+-------+-------+-------+-------+----------------------

Table legend:
 A = Kills in this place as a percentage of kills in entire the game.
 B = Kills by you in this place as a percentage of kills by you in the entire game.
 C = Kills by friends in this place as a percentage of kills by friends in the entire game.
 D = Other kills in this place as a percentage of other kills in the entire game.
 E = Experience gained in this place as a percentage of experience gained in the entire game.
 F = Experience gained in this place divided by the number of levels of this place that you have seen.
                   A       B       C       D       E      F
               +-------+-------+-------+-------+-------+----------------------
         Total | 100.0 | 100.0 |  -nan |  -nan | 100.0 |   5.0
       Dungeon | 100.0 | 100.0 |  -nan |  -nan | 100.0 |   5.0
               +-------+-------+-------+-------+-------+----------------------

Vault maps used:
D:1:      dpeg_arrival_tiny_j
